 Dungeon Crawl Stone Soup version 0.25-a0-185-g6cfeca75b2 (webtiles) character file.

Game seed: 12169527980871330658, levelgen mode: deterministic

68275 night the Destroyer (level 14, -1/113 HPs)
             Began as a Yellow Draconian Fire Elementalist on Nov 28, 2019.
             Was a High Priest of Vehumet.
             Shot with an arrow by a centaur warrior (7 damage)
             ... on level 14 of the Dungeon.
             The game lasted 02:33:30 (38021 turns).

night the Destroyer (DrFE)                         Turns: 38021, Time: 02:33:31

Health: -1/113     AC: 12    Str: 10    XL:     14   Next: 86%
Magic:  29/29      EV: 12    Int: 23    God:    Vehumet [*****.]
Gold:   1075       SH:  0    Dex: 14    Spells: 7/36 levels left

rFire    + . .     SeeInvis +   c - +0 dagger (elec)
rCold    + + .     Gourm    .   (no shield)
rNeg     + . .     Faith    .   (armour unavailable)
rPois    +         Spirit   .   U - +0 hat
rElec    .         Reflect  .   S - +1 cloak
rCorr    +         Harm     .   (no gloves)
MR       +++++     Clarity  +   l - +1 pair of boots Stlth ++........Rnd*Tele +
                                L - amulet of the Four Winds {rN+ MR+++ Clar}
HPRegen  0.28/turn              z - ring of Egalitarianism {*Tele MR+ Int+4 SInv}
MPRegen  0.21/turn              K - ring of protection from fire

@: lightly drained
A: spit acid, unfitting armour, blurry vision 1, clarity, cold resistance 2,
poison resistance, acidic bite, cold-blooded, acid resistance, AC +8
a: Breathe Acid, Renounce Religion


You were on level 14 of the Dungeon.
You worshipped Vehumet.
Vehumet was extremely pleased with you.
You were not hungry.

You visited 3 branches of the dungeon, and saw 21 of its levels.
You also visited: Sewer.

You collected 1172 gold pieces.
You spent 97 gold pieces at shops.

Inventory:

Hand Weapons
 c - a +0 dagger of electrocution (weapon)
 M - the +3 hand crossbow "Efibbun" {elec, rN+ Str+3 Dex+2}
   (You found it on level 6 of the Lair of Beasts)

   It charges the ammunition it shoots with electricity; occasionally upon a
   hit, such missiles may discharge and cause terrible harm.
   It affects your strength (+3).
   It affects your dexterity (+2).
   It protects you from negative energy.
 N - a +3 scimitar of flaming
Armour
 l - a +1 pair of boots (worn)
 y - a +0 shield
 S - a +1 cloak (worn)
 U - a +0 hat (worn)
Jewellery
 t - an uncursed ring of ice
 z - the ring of Egalitarianism (left hand) {*Tele MR+ Int+4 SInv}
   (You found it on level 4 of the Lair of Beasts)

   [ring of teleportation]

   It may teleport you next to monsters.
   It affects your intelligence (+4).
   It affects your resistance to hostile enchantments.
   It lets you see invisible.
 K - a ring of protection from fire (right hand)
 L - the amulet of the Four Winds (around neck) {rN+ MR+++ Clar}
   (You found it on level 8 of the Dungeon)

   [amulet of nothing]

   It protects you from negative energy.
   It affects your resistance to hostile enchantments.
   It protects you against confusion.
 P - a +5 amulet of reflection
 Q - an uncursed ring of ice
 X - a +6 ring of dexterity
Wands
 h - a wand of scattershot (3)
 q - a wand of acid (23)
 r - a wand of flame (16)
 s - a wand of paralysis (10)
 v - a wand of iceblast (2)
 G - a wand of random effects (47)
 I - a wand of polymorph (10)
Scrolls
 a - a scroll of immolation {unknown}
 d - 4 scrolls of fog
 f - 8 scrolls of remove curse
 g - 11 scrolls of teleportation
 i - a scroll of enchant armour
 k - 3 scrolls of amnesia
 n - 2 scrolls of identify
 p - 4 scrolls of blinking
 D - a scroll of acquirement {unknown}
 F - 2 scrolls of brand weapon {unknown}
 R - a scroll of torment {unknown}
 V - 2 scrolls of summoning {unknown}
 Y - 3 scrolls of magic mapping
Potions
 e - 7 potions of agility
 m - 2 potions of lignification
 o - a potion of cancellation
 w - 6 potions of resistance
 x - a potion of flight
 A - a potion of haste
 C - 3 potions of brilliance
 E - a potion of heal wounds
 H - 2 potions of ambrosia
 O - 2 potions of might
 T - 5 potions of curing
 Z - a potion of magic
Miscellaneous
 u - a phantom mirror
Comestibles
 b - 17 rations


   Skills:
 + Level 7.5(7.4) Fighting
 - Level 5.5(5.4) Short Blades
 - Level 1.7(1.6) Dodging
 - Level 1.7(1.6) Stealth
 * Level 11.7(11.5) Spellcasting
 + Level 14.3(14.1) Conjurations
 - Level 13.8(13.7) Fire Magic
 - Level 5.9(5.8) Ice Magic
 - Level 5.9(5.8) Air Magic


You had 7 spell levels left.
You knew the following spells:

 Your Spells              Type           Power        Failure   Level  Hunger
a - Flame Tongue          Conj/Fire      #####        0%          1    None
b - Throw Flame           Conj/Fire      ######       0%          2    None
c - Conjure Flame         Conj/Fire      ######..     1%          3    None
d - Sticky Flame          Conj/Fire      ######..     1%          4    None
e - Summon Butterflies    Summ           ##......     4%          1    None
f - Fireball              Conj/Fire      ######....   1%          5    ####...
g - Orb of Destruction    Conj           ######....   3%          7    #######
h - Freezing Cloud        Conj/Ice/Air   ######....   6%          6    #####..

Your spell library contained the following spells:

 Spells                   Type           Power        Failure   Level  Hunger
 Freeze                   Ice            ####         1%          1    None
 Shock                    Conj/Air       ####         1%          1    None
 Throw Frost              Conj/Ice       ######       1%          2    None
 Dazzling Spray           Conj/Hex       #####.       1%          3    None
 Ignite Poison            Fire/Tmut/Pois ####....     1%          3    None
 Inner Flame              Hex/Fire       #####...     1%          3    None
 Static Discharge         Conj/Air       ######..     1%          3    None
 Airstrike                Air            #####.....   1%          4    None
 Throw Icicle             Conj/Ice       ######..     1%          4    None
 Bolt of Magma            Conj/Fire/Erth ######....   1%          5    ####...
 Lightning Bolt           Conj/Air       ######....   1%          5    ####...
 Bolt of Fire             Conj/Fire      ######....   1%          6    #####..
 Ensorcelled Hibernation  Hex/Ice        ####..       2%          2    None
 Swiftness                Chrm/Air       ####....     2%          2    None
 Irradiate                Conj/Tmut      #####.....   2%          5    ####...
 Iskenderun's Battlesphe  Conj/Chrm      #####...     2%          5    ####...
 Venom Bolt               Conj/Pois      #####.....   2%          5    ####...
 Animate Skeleton         Necr           N/A          4%          1    None
 Apportation              Tloc           ##....       4%          1    None
 Corona                   Hex            ##.....      4%          1    None
 Pain                     Necr           ##..         4%          1    None
 Ozocubu's Armour         Chrm/Ice       ####....     4%          3    None
 Passwall                 Tmut/Erth      ##......     8%          2    None
 Sublimation of Blood     Necr           ##........   8%          2    None
 Iron Shot                Conj/Erth      #####.....   11%         6    #####..
 Confuse                  Hex            ##......     14%         3    None
 Lesser Beckoning         Tloc           ##........   14%         3    None
 Regeneration             Chrm/Necr      ##........   14%         3    None
 Tukima's Dance           Hex            ##......     14%         3    None
 Vampiric Draining        Necr           ##........   14%         3    None
 Summon Ice Beast         Ice/Summ       ####....     14%         4    None
 Lee's Rapid Deconstruct  Erth           ##........   32%         5    ####...
 Yara's Violent Unravell  Hex/Tmut       ##........   32%         5    ####...
 Silence                  Hex/Air        ####......   38%         5    ####...
 Animate Dead             Necr           N/A          43%         4    None
 Cause Fear               Hex            ##........   43%         4    None
 Passage of Golubria      Tloc           N/A          43%         4    None
 Petrify                  Tmut/Erth      ##......     43%         4    None
 Spellforged Servitor     Conj/Summ      #####.....   47%         7    #######
 Alistair's Intoxication  Tmut/Pois      ##......     80%         5    ####...
 Summon Forest            Summ/Tloc      ##........   80%         5    ####...
 Deflect Missiles         Chrm/Air       ####......   92%         6    #####..
 Darkness                 Hex            ##........   100%        6    #####..
 Invisibility             Hex            ##......     100%        6    #####..
 Discord                  Hex            ##........   100%        8    #######


Dungeon Overview and Level Annotations

Branches:
Dungeon (14/15)            Temple (1/1) D:7            Lair (6/6) D:11
  Swamp (0/4) Lair:4        Snake (0/4) Lair:3        Slime (0/5) Lair:5
    Orc (0/2) D:12          Sewer (visited)
 Vaults: D:13-14

Altars:
Ashenzari
Cheibriados
Dithmenos
Elyvilon
Fedhas
Gozag
Hepliaklqana
Kikubaaqudgha
Makhleb
Nemelex Xobeh
Okawaru
Qazlal
Ru
Sif Muna
Trog
Uskayaw
Vehumet
Wu Jian
Xom
Yredelemnul
Zin
The Shining One
Beogh
Jiyva

Shops:
D:6 ?

Portals:
Trove: D:13 (give +5 demon blade)

Annotations:
D:4 1 runed translucent door, Leeroy's ghost, amateur DrSk
D:14 Jorgrun
Lair:2 exclusion: hydra
Lair:3 exclusions: hydra and 1 more exclusion, Killmatronix's ghost, journeyman TrWn


Innate Abilities, Weirdness & Mutations

You can spit globs of acid.
Your golden yellow scales are hard. (AC +8)
You cannot fit into any form of body armour.
You have acidic saliva.
You are cold-blooded and may be slowed by cold attacks.
You are resistant to acid. (rCorr)
Scrolls take you a little longer to read.
You possess an exceptional clarity of mind.
Your flesh is very cold resistant. (rC++)
Your system is resistant to poisons. (rPois)


Message History

Your magical contamination has completely faded away.
You start resting.
Magic restored.
You start resting.
A wyvern skeleton comes into view.
A centaur warrior comes into view. It is wielding a +0 rapier.
The centaur warrior shouts!
The centaur warrior unwields a +0 rapier.
The centaur warrior wields a +0 longbow.
The centaur warrior shoots an arrow.
The arrow closely misses you.
Jorgrun shouts!
The centaur warrior shoots an arrow.
The arrow hits you!!
* * * LOW HITPOINT WARNING * * *
You see here 2 arrows.
Jorgrun gestures at you while chanting.
The wall shatters!
The blast of rock fragments hits you!
* * * LOW HITPOINT WARNING * * *
You hear a bellow!
The centaur warrior shoots an arrow.
The arrow hits you!
You die...

.. .# ...#####.####.#
............#.#
...§§.......#.# #
..≈≈≈§§.....#.#####.#
...§§≈≈........?.....
.....§§..............
#...c.††...........
#........(#@#####+
....#######.#.# . .
#.#.# ..... .Z...
....... .g.....
.........


You could see a centaur warrior.

Vanquished Creatures
  Gastronok (D:11)
  A stone giant (D:14)
  2 entropy weavers (D:12)
  6 hydras
  Fannar (D:10)
  Erolcha (D:11)
  Erica (D:8)
  6 two-headed ogres
  4 death yaks
  A centaur warrior (D:14)
  A queen ant (D:12)
  Urug (D:12)
  Sonja (Lair:1)
  4 unseen horrors
  Pikel (D:8)
  An oklob plant (Lair:2)
  2 manticores
  8 slime creatures
  4 ugly things
  An elephant (Lair:5)
  2 black mambas
  6 spiny frogs
  4 centaur skeletons
  4 rime drakes (Lair:5)
  4 kobold demonologists (D:12)
  4 komodo dragons
  3 trolls (D:11)
  5 blink frogs
  A hornet (D:12)
  17 polar bears
  7 hippogriffs
  3 raiju
  7 dream sheep (Lair:4)
  Sigmund (D:2)
  A shadow (D:12)
  10 wyverns
  4 hogs (D:10)
  A human (D:10)
  34 yaks
  8 basilisks
  7 vampire mosquitoes
  4 wargs (Lair:6)
  An acid dragon (D:14)
  20 soldier ants
  9 water moccasins
  14 hell hounds (Lair:6)
  A sky beast (D:7)
  2 orc warriors
  7 porcupines
  15 black bears
  3 ice beasts
  A slave (D:8)
  5 necrophages (D:10)
  6 ogres
  An eye of draining (shapeshifter) (D:14)
  5 centaurs
  2 phantoms
  27 wolves
  14 crocodiles
  7 big kobolds
  11 bullfrogs
  A water moccasin zombie (D:5)
  2 wyvern zombies
  11 killer bees
  11 wights
  3 howler monkeys (D:5)
  6 electric eels (D:9)
  4 crimson imps
  2 centaur zombies
  4 bullfrog zombies
  A jelly (D:9)
  A bullfrog skeleton (D:12)
  6 hounds
  A gnoll shaman (D:4)
  5 orc priests
  4 iguanas
  5 orc wizards
  25 worker ants
  3 hound skeletons
  5 mummies (D:10)
  A worker ant zombie (D:10)
  Robin (D:2)
  5 gnolls
  16 adders
  3 river rats (Sewer)
  A howler monkey skeleton (D:7)
  5 shadow imps
  An adder zombie (D:9)
  6 oozes
  2 adder skeletons
  4 worms
  A dart slug (D:1)
  3 leopard geckos
  45 orcs
  3 ball pythons (Sewer)
  8 bats
  5 giant cockroaches
  13 goblins
  12 hobgoblins
  7 jackals (D:3)
  2 quokkas
  2 frilled lizards (D:3)
  33 kobolds
  A leopard gecko zombie (D:6)
  2 quokka skeletons
  13 rats
  3 butterflies
  A plant (D:9)
635 creatures vanquished.

Vanquished Creatures (others)
  2 slaves (D:8)
  An ogre (D:8)
  A wolf (Lair:6)
  A scorpion (D:8)
  A jelly (D:5)
  A hound skeleton (D:8)
  An adder (D:8)
  An orc (D:11)
  9 fungi
  29 plants
  A withered plant (D:10)
48 creatures vanquished.

Grand Total: 683 creatures vanquished

Notes
Turn   | Place    | Note
-------+----------+-------------------------------------------
     0 | D:1      | night the Draconian Fire Elementalist began the quest for
                  | the Orb.
     0 | D:1      | Reached XP level 1. HP: 14/14 MP: 3/3
   395 | D:1      | Reached XP level 2. HP: 19/20 MP: 3/5
   399 | D:1      | Learned a level 2 spell: Throw Flame
  1197 | D:2      | Reached XP level 3. HP: 19/27 MP: 1/6
  1431 | D:2      | Reached skill level 2 in Conjurations
  1480 | D:2      | Found a shattered altar of Ashenzari.
  1526 | D:2      | Became a worshipper of Ashenzari the Shackled
  1551 | D:2      | Reached skill level 1 in Fighting
  1794 | D:2      | Noticed Sigmund
  1808 | D:2      | Noticed Robin
  1969 | D:1      | Learned a level 3 spell: Conjure Flame
  2082 | D:2      | Killed Robin
  2082 | D:2      | Reached XP level 4. HP: 24/35 MP: 0/7
  2226 | D:2      | Killed Sigmund
  2226 | D:2      | Reached skill level 1 in Short Blades
  2226 | D:2      | Reached skill level 3 in Conjurations
  2226 | D:2      | Reached XP level 5. HP: 23/41 MP: 1/9
  2436 | D:3      | Found a hazy altar of Hepliaklqana.
  2575 | D:3      | Found an ornate altar of the Wu Jian Council.
  2597 | D:3      | Noticed a black bear
  2608 | D:3      | Killed a black bear
  2608 | D:3      | Reached XP level 6. HP: 29/48 MP: 3/10
  2910 | D:3      | Found a shadowy altar of Dithmenos.
  3696 | D:4      | Reached * piety under Ashenzari
  3995 | D:4      | Learned a level 4 spell: Sticky Flame
  4020 | D:4      | Your scales start taking on a golden yellow colour.
  4020 | D:4      | Reached XP level 7. HP: 38/56 MP: 0/11
  4020 | D:4      | Gained mutation: You are resistant to acid. (rCorr) [Yellow
                  | Draconian growth]
  4025 | D:4      | Reached skill level 4 in Conjurations
  4368 | D:4      | Reached skill level 5 in Fire Magic
  4709 | D:4      | Found a runed translucent door.
  4709 | D:4      | Noticed Leeroy's ghost (amateur DrSk)
  4868 | D:5      | Entered Level 5 of the Dungeon
  4922 | D:5      | Found a glowing golden altar of the Shining One.
  5004 | D:5      | Found a glowing golden altar of the Shining One.
  5132 | D:5      | Found a basalt altar of Yredelemnul.
  5423 | D:5      | Reached XP level 8. HP: 63/63 MP: 8/13
  5602 | D:5      | Reached skill level 5 in Conjurations
  6377 | D:6      | Found a glowing drain.
  6407 | Sewer    | Entered a sewer
  7181 | D:6      | Found a blossoming altar of Fedhas.
  7333 | D:6      | Found Kinlas's Magic Scroll Shoppe.
  7338 | D:6      | Bought a scroll of blinking for 97 gold pieces
  7732 | D:6      | Reached ** piety under Ashenzari
  8020 | D:7      | Reached skill level 6 in Conjurations
  8139 | D:7      | Found an opulent altar of Gozag.
  8517 | D:7      | Found a bloodstained altar of Trog.
  8562 | D:7      | Found a sacrificial altar of Ru.
  8570 | D:7      | Reached XP level 9. HP: 72/72 MP: 9/15
  8734 | D:7      | Found a staircase to the Ecumenical Temple.
  8743 | Temple   | Entered the Ecumenical Temple
  9232 | D:8      | Noticed Pikel
  9244 | D:8      | Killed Pikel
  9244 | D:8      | Reached skill level 5 in Fighting
  9320 | D:8      | Found the amulet of the Four Winds {rN+ MR+++ Clar}
  9418 | Temple   | Fell from the grace of Ashenzari
  9418 | Temple   | Became a worshipper of Vehumet
  9574 | D:8      | Noticed Erica
  9587 | D:8      | Killed Erica
  9587 | D:8      | Reached skill level 5 in Spellcasting
  9587 | D:8      | Reached skill level 7 in Conjurations
  9827 | D:8      | Reached skill level 5 in Short Blades
 10390 | D:8      | Reached XP level 10. HP: 71/83 MP: 12/18
 11139 | D:9      | Reached skill level 8 in Conjurations
 11616 | D:9      | You fall into a shaft and drop 2 floors!
 11678 | D:11     | Noticed Erolcha
 11679 | D:11     | Learned a level 1 spell: Summon Butterflies
 11690 | D:11     | Found a frozen archway.
 11716 | D:11     | Reached * piety under Vehumet
 11716 | D:11     | Offered knowledge of Shock by Vehumet.
 11778 | D:11     | Noticed a purple ugly thing
 11795 | D:10     | Entered Level 10 of the Dungeon
 11801 | D:10     | HP: 4/83 [yak (15)]
 12249 | D:9      | Found a hide-covered altar of Uskayaw.
 12312 | D:9      | Learned a level 5 spell: Fireball
 12409 | D:9      | Killed an unseen horror
 13884 | D:10     | Reached skill level 9 in Conjurations
 14048 | D:10     | Noticed Fannar
 14061 | D:10     | Killed Fannar
 14061 | D:10     | Was forgiven by Ashenzari
 14302 | D:10     | Noticed a two-headed ogre
 14531 | D:10     | Reached XP level 11. HP: 41/88 MP: 11/20
 14693 | D:10     | Reached ** piety under Vehumet
 14693 | D:10     | Offered knowledge of Magic Dart by Vehumet.
 14897 | D:10     | Reached skill level 10 in Fire Magic
 14930 | D:10     | Found an opulent altar of Gozag.
 15114 | D:10     | Killed a two-headed ogre
 15114 | D:10     | Reached skill level 10 in Conjurations
 15888 | D:11     | Noticed a cyan ugly thing
 15899 | D:11     | Killed a cyan ugly thing
 16066 | D:11     | Found a staircase to the Lair.
 16136 | D:11     | Killed Erolcha
 16360 | D:11     | Offered knowledge of Searing Ray by Vehumet.
 16626 | D:11     | Noticed a red ugly thing
 16654 | D:11     | Killed a purple ugly thing
 16662 | D:11     | Killed a red ugly thing
 16674 | D:11     | Reached skill level 11 in Conjurations
 16683 | D:11     | Reached *** piety under Vehumet
 16822 | D:11     | Noticed a five-headed hydra
 17324 | Lair:1   | Entered Level 1 of the Lair of Beasts
 17435 | Lair:1   | HP: 4/89 [spiny frog (1)]
 18146 | Lair:1   | Reached XP level 12. HP: 96/96 MP: 12/23
 18258 | Lair:1   | Identified Pemyidgh's Catalogue of Conjuration and
                  | Summoning
 18353 | Lair:1   | Offered knowledge of Ignite Poison by Vehumet.
 18775 | Lair:1   | Noticed Sonja
 18777 | Lair:1   | Killed Sonja
 20061 | Lair:2   | Noticed a six-headed hydra
 20569 | Lair:2   | Reached skill level 12 in Conjurations
 20889 | Lair:3   | Noticed an eight-headed hydra
 20898 | Lair:3   | Found a staircase to the Snake Pit.
 20993 | Lair:3   | Learned a level 7 spell: Orb of Destruction
 21662 | Lair:3   | Found a runed translucent door.
 21666 | Lair:3   | Noticed Killmatronix's ghost (journeyman TrWn)
 23013 | Lair:4   | Got a brightly glowing turquoise ring
 23020 | Lair:4   | Identified the ring of Egalitarianism {*Tele MR+ Int+4
                  | SInv} (You found it on level 4 of the Lair of Beasts)
 23107 | Lair:4   | Found a staircase to the Swamp.
 23340 | Lair:4   | Reached **** piety under Vehumet
 23570 | Lair:4   | Offered knowledge of Stone Arrow by Vehumet.
 24253 | Lair:4   | Found a hazy altar of Hepliaklqana.
 24773 | Lair:5   | Reached XP level 13. HP: 102/102 MP: 17/26
 25501 | Lair:5   | Reached ***** piety under Vehumet
 25504 | Lair:5   | Reached skill level 10 in Spellcasting
 25504 | Lair:5   | Offered knowledge of Freezing Cloud by Vehumet.
 25504 | Lair:5   | Reached skill level 13 in Conjurations
 26202 | Lair:5   | Found a viscous altar of Jiyva.
 26203 | Lair:5   | Found a staircase to the Slime Pits.
 26545 | Lair:6   | Entered Level 6 of the Lair of Beasts
 27918 | Lair:6   | Learned a level 6 spell: Freezing Cloud
 28142 | Lair:6   | Reached skill level 1 in Ice Magic
 28142 | Lair:6   | Reached skill level 1 in Air Magic
 31738 | Lair:6   | Got an ivory hand crossbow
 31739 | Lair:6   | Identified the +3 hand crossbow "Efibbun" {elec, rN+ Str+3
                  | Dex+2} (You found it on level 6 of the Lair of Beasts)
 32233 | Lair:6   | Gained mutation: You have acidic saliva. [Yellow Draconian
                  | growth]
 32233 | Lair:6   | Reached XP level 14. HP: 101/110 MP: 19/28
 33197 | D:12     | Found a staircase to the Orcish Mines.
 33270 | D:12     | Found a roughly hewn altar of Beogh.
 33501 | D:12     | Reached skill level 5 in Ice Magic
 33501 | D:12     | Reached skill level 5 in Air Magic
 33906 | D:12     | Noticed an entropy weaver
 33915 | D:12     | Killed an entropy weaver
 34037 | D:11     | Noticed Gastronok
 34050 | D:11     | Killed Gastronok
 34986 | D:12     | Noticed an entropy weaver
 35056 | D:12     | Killed an entropy weaver
 35951 | D:12     | Gained mutation: You tend to lose your temper in combat. [a
                  | neqoxec]
 36092 | D:12     | Reached skill level 14 in Conjurations
 36132 | D:12     | Lost mutation: You tend to lose your temper in combat.
                  | [potion of mutation]
 36132 | D:12     | Gained mutation: You are weak. (Str -2) [potion of
                  | mutation]
 36132 | D:12     | Gained mutation: You have sharp toenails. [potion of
                  | mutation]
 36132 | D:12     | Gained mutation: You have razor-sharp toenails. [potion of
                  | mutation]
 36132 | D:12     | Gained mutation: Your spells are a little harder to cast,
                  | but a little more powerful. [potion of mutation]
 36139 | D:12     | Lost mutation: Your spells are a little harder to cast, but
                  | a little more powerful. [potion of mutation]
 36139 | D:12     | Lost mutation: You have razor-sharp toenails. [potion of
                  | mutation]
 36139 | D:12     | Lost mutation: You have sharp toenails. [potion of
                  | mutation]
 36139 | D:12     | Lost mutation: You are weak. (Str -2) [potion of mutation]
 36139 | D:12     | Gained mutation: You do not regenerate when monsters are
                  | visible. [potion of mutation]
 36139 | D:12     | Gained mutation: You are weak. (Str -2) [potion of
                  | mutation]
 36139 | D:12     | Gained mutation: Your flesh is cold resistant. (rC+)
                  | [potion of mutation]
 36140 | D:12     | Lost mutation: You are weak. (Str -2) [potion of mutation]
 36140 | D:12     | Lost mutation: You do not regenerate when monsters are
                  | visible. [potion of mutation]
 36140 | D:12     | Gained mutation: You possess an exceptional clarity of
                  | mind. [potion of mutation]
 36140 | D:12     | Gained mutation: Your system is resistant to poisons.
                  | (rPois) [potion of mutation]
 36140 | D:12     | Gained mutation: Scrolls take you a little longer to read.
                  | [potion of mutation]
 36140 | D:12     | Gained mutation: Your flesh is very cold resistant. (rC++)
                  | [potion of mutation]
 36288 | D:12     | Noticed Urug
 36295 | D:12     | Killed Urug
 37297 | D:13     | Found a portal to a secret trove of treasure.
 37888 | D:14     | Noticed a stone giant
 37894 | D:14     | Killed a stone giant
 37895 | D:14     | HP: 5/113 [orc sorcerer/bolt of negative energy (4)]
 37911 | D:14     | Noticed Jorgrun
 38021 | D:14     | Shot with an arrow by a centaur warrior

Levels and vault maps discovered:
D:1:      saegor_arrival_simple_e, layout_loops_ring, minmay_tetromino_s4
D:2:      layout_rooms, old_standard_altar, first_ration, supply_closet_lemuel,
          uniq_robin, uniq_sigmund
D:3:      layout_basic, lemuel_doored_altar, nicolae_overflow_hidden_temple,
          overflow_temple_1_default
D:4:      layout_cave_pools, ebering_ghost_sewer_d, minmay_misc_feat_iff
D:5:      layout_loops_cross, grunt_temple_overflow_holy_war, nrook_mini_vaults,
          minmay_ruined_shrine
D:6:      layout_loops_corners, fedhas_altar_4, portal_sewer_entry_b,
          serial_shops, kennysheep_little_box, kennysheep_small_spiral
D:7:      layout_loops_ring, old_standard_altar, old_standard_altar,
          nicolae_ru_awakened_eye, minmay_temple_entry_butterflies,
          kennysheep_flooded_box, kennysheep_generic_room_8
D:8:      layout_basic, hangedman_glass_teeth, uniq_pikel, uniq_erica
D:9:      cheibrodos_two_vegetables, layout_irregular_city,
          eat_drink_and_be_merry_uskayaw, enter_bailey_8
D:10:     layout_rooms, basic_altar, serial_undead, serial_undead_d,
          serial_undead_e, serial_undead_b, serial_undead_f, serial_undead_e,
          serial_undead_b, grunt_livestock, uniq_fannar
D:11:     layout_long_grid, david_lair_shrubbed,
          portal_ice_cave_entry_pillars_1, library_closet, minmay_starry_boxes,
          uniq_erolcha, uniq_gastronok
D:12:     layout_roguey, minmay_orc_entry_temple_small, zaba_antful_of_joy,
          uniq_urug
D:13:     layout_loops_ring, nicolae_trove_entry_free_sample,
          minmay_fountain_box, kennysheep_generic_room_11
D:14:     minmay_the_grid_triangle_9x9_rhombus_full_mashed
          [minmay_the_grid_triangle_9x9_longest,
          minmay_the_grid_triangle_9x9_zippers_horizontal,
          minmay_the_grid_triangle_9x9_stretched_checkered,
          minmay_the_grid_triangle_9x9_fully_insulated_deathbox,
          minmay_the_grid_triangle_9x9_corrupted_corridor,
          minmay_the_grid_triangle_9x9_warning,
          minmay_the_grid_triangle_9x9_sparse_checkered,
          minmay_the_grid_triangle_9x9_prize_top_heavy], layout_basic,
          grunt_vaults_entry_tiered, chequers_serial_rivers_micro_a,
          uniq_jorgrun
Temple:   minmay_temple_curvy_loop
Lair:1:   layout_loops_ring, cheibrodos_lair_lostbears, grunt_megastairs_4,
          uniq_sonja
Lair:2:   layout_roguey, minivault_24, grunt_megastairs_5, lemuel_fruit_fields
Lair:3:   layout_gridlike, dummy_snake_entry, ebering_ghost_reflecting_pool,
          eino_small_chamber_without_monster
Lair:4:   layout_cave_pods, swamp_mist, lemuel_centaur_altar,
          infiniplex_staircase_pool_2
Lair:5:   layout_gridlike, dpeg_slime_entry_enclosed_altar, special_room
          [special_room_mythical_zoo], beast_lair_carwin_5, lemuel_fruit_fields
Lair:6:   hangedman_lair_caniforms_friends, layout_regular_city,
          nicolae_quartered_pool_super, lemuel_fruit_fields

Skill      XL: |  1  2  3  4  5  6  7  8  9 10 11 12 13 14 |
---------------+-------------------------------------------+-----
Conjurations   | 2 3 4 6 7 9 11 12 13 14 | 14.3
Fighting       | 1 2 3 4 5 6 7 |  7.5
Short Blades   | 1 2 3 4 5 |  5.5
Fire Magic     | 4 5 6 8 9 11 12 13 | 13.8
Spellcasting   | 3 4 5 6 7 9 10 11 | 11.7
Ice Magic      | 4 5 |  5.9
Air Magic      | 4 5 |  5.9
Dodging        | |  1.7
Stealth        | |  1.7

Action                   |  1- 3 |  4- 6 |  7- 9 | 10-12 | 13-15 || total
-------------------------+-------+-------+-------+-------+-------++-------
Melee: Dagger            |    57 |    94 |   152 |   396 |   403 ||  1102
       Tailslap          |     7 |     8 |    12 |    66 |    53 ||   146
       Bite              |       |       |       |       |    19 ||    19
 Cast: Flame Tongue      |    26 |    46 |   113 |   163 |   112 ||   460
       Throw Flame       |    15 |    23 |    46 |   236 |   309 ||   629
       Conjure Flame     |     1 |       |     1 |    26 |    37 ||    65
       Sticky Flame      |       |     1 |     8 |    54 |    65 ||   128
       Summon Butterflie |       |       |       |    12 |     1 ||    13
       Fireball          |       |       |       |     7 |    30 ||    37
       Orb of Destructio |       |       |       |     3 |    23 ||    26
       Freezing Cloud    |       |       |       |       |    15 ||    15
 Abil: Breathe Acid      |       |       |     5 |     8 |     3 ||    16
Evoke: Wand              |       |       |     2 |    14 |    10 ||    26
  Use: Scroll            |       |       |     7 |    21 |     4 ||    32
       Potion            |       |       |     2 |     4 |     7 ||    13
 Stab: Sleeping          |     2 |       |     3 |       |     1 ||     6
       Paralysed         |       |       |     2 |       |       ||     2
       Distracted        |       |       |       |       |     2 ||     2
  Eat: Chunk             |     4 |     8 |    15 |    40 |    35 ||   102
       Ration            |       |       |     3 |     6 |    10 ||    19
Armor: Skin              |    23 |    40 |    68 |   162 |   209 ||   502
Dodge: Dodged            |    44 |    70 |   125 |   288 |   366 ||   893

Table legend:
 A = Non-vault XP
 B = Vault XP
 C = Vault XP percentage of total XP
 D = Non-vault monster count
 E = Vault monster count
 F = Vault count percentage of total count
                 A         B        C        D         E       F
            +---------+---------+-------+---------+---------+-------
      Total |   53371 |   44166 |  45.3 |     394 |     237 |  37.6
            +---------+---------+-------+---------+---------+-------
        D:1 |      27 |       2 |   6.9 |      14 |       2 |  12.5
        D:2 |      51 |     253 |  83.2 |      15 |      12 |  44.4
        D:3 |     256 |       0 |   0.0 |      33 |       0 |   0.0
        D:4 |     375 |       0 |   0.0 |      23 |       0 |   0.0
        D:5 |     455 |     135 |  22.9 |      17 |       4 |  19.0
        D:6 |     132 |       8 |   5.7 |       2 |       5 |  71.4
        D:7 |    1000 |       0 |   0.0 |      19 |       0 |   0.0
        D:8 |    1119 |    1570 |  58.4 |      11 |       2 |  15.4
        D:9 |    1367 |    1205 |  46.9 |      23 |      10 |  30.3
       D:10 |    3367 |    2883 |  46.1 |      29 |      20 |  40.8
       D:11 |    2410 |    5870 |  70.9 |      22 |      10 |  31.2
       D:12 |   10635 |    8171 |  43.4 |      52 |      43 |  45.3
       D:13 |    6105 |     758 |  11.0 |      28 |       2 |   6.7
       D:14 |     918 |    2490 |  73.1 |       4 |       5 |  55.6
     Lair:1 |    3822 |    2506 |  39.6 |      22 |       7 |  24.1
     Lair:2 |    1931 |     836 |  30.2 |      10 |       4 |  28.6
     Lair:3 |    4271 |       0 |   0.0 |      21 |       0 |   0.0
     Lair:4 |    4396 |    1097 |  20.0 |      24 |       7 |  22.6
     Lair:5 |    4183 |    6982 |  62.5 |       9 |      26 |  74.3
     Lair:6 |    6551 |    8981 |  57.8 |      16 |      50 |  75.8
      Sewer |       0 |     419 | 100.0 |       0 |      28 | 100.0
            +---------+---------+-------+---------+---------+-------
